 Dungeon Crawl Stone Soup version 0.32-a0-913-g739538afd8 (webtiles) character file.

Game seed: 10703286758291378621

149 Foxy the Chopper (level 5, 0/42 HPs)
             Began as a Coglin Berserker on Apr 9, 2024.
             Was a Priest of Trog.
             Slain by a scorpion (5 damage)
             ... on level 4 of the Dungeon.
             The game lasted 00:03:07 (2373 turns).

Foxy the Chopper (Coglin Berserker)                 Turns: 2373, Time: 00:03:08

Health: 0/42       AC:  2    Str: 19    XL:     5   Next: 31%
Magic:  5/5        EV: 11    Int:  6    God:    Trog [***...]
Gold:   136        SH:  4    Dex: 14    Spells: 4/4 levels left

rFire   . . .        a - +0 hand axe {Zorawar}
rCold   . . .        f - +0 club {Mishil}
rNeg    . . .        b - +0 animal skin
rPois   +            (no helmet)
rElec   .            (no cloak)
rCorr   .            (no gloves)
SInv    .            (no boots)
Will    .....        (amulet unavailable)
Stlth   +            (ring unavailable)
HPRegen 0.27/turn    (ring unavailable)
MPRegen 0.09/turn    (no gizmo)

%: clarity
@: about to teleport, weak-willed, enlightened, flying, revving
A: off-hand wielding, slow wielding, warmup strikes, no jewellery, large bone
plates 1, clarity, poison resistance
a: Invent Gizmo, Renounce Religion, Berserk, Trog's Hand


You were on level 4 of the Dungeon.
You worshipped Trog.
Trog was most pleased with you.
You visited 1 branch of the dungeon, and saw 4 of its levels.

You collected 136 gold pieces.

Inventory:

Hand Weapons
 a - a +0 hand axe (weapon) {Zorawar}
 f - a +0 club (offhand) {Mishil}
Missiles
 g - 3 poisoned darts (quivered)
Armour
 b - a +0 animal skin (worn)
Scrolls
 c - a scroll of vulnerability
 i - a scroll of enchant armour {unknown}
 j - a scroll of fear {unknown}
 k - a scroll of blinking {unknown}
 l - 2 scrolls of revelation {unknown}
 m - a scroll of brand weapon {unknown}
 n - a scroll of fog {unknown}
 p - a scroll of poison {unknown}


   Skills:
 + Level 3.9 Fighting
 * Level 4.6 Axes
 - Level 1.7 Armour
 + Level 2.8 Dodging


You had 4 spell levels left.
You didn't know any spells.
Your spell library was empty.

Dungeon Overview and Level Annotations

Branches:
Dungeon (4/15)
 Temple: D:4-7

Altars:
Kikubaaqudgha


Innate Abilities, Weirdness & Mutations

You can wield a second weapon in your off-hand.
It takes a long time for you to wield or remove held weapons.
Your first few attacks do less damage.
You cannot equip rings or amulets.
You are partially covered in large bone plates. (SH +4)
You possess an exceptional clarity of mind.
Your system is resistant to poisons. (rPois)


Message History

You completely miss the scorpion with your +0 hand axe.
The scorpion stings you!
* * * LOW HITPOINT WARNING * * *
The scorpion barely misses you.
You hit the scorpion with your +0 hand axe.
The scorpion is heavily wounded.
You closely miss the scorpion with your +0 club.
The scorpion barely misses you.
You barely miss the scorpion with your +0 hand axe.
The scorpion is heavily wounded.
You hit the scorpion but do no damage. The scorpion completely misses you.
You barely miss the scorpion with your +0 club.
The scorpion is heavily wounded.
You hit the scorpion with your +0 hand axe.
The scorpion stings you.
* * * LOW HITPOINT WARNING * * *
The scorpion closely misses you.
Okay, then.
You aren't carrying any items that you can evoke.
Unknown command.
It was a potion of enlightenment.
You feel very buoyant.
You fly up into the air.
You recover from your berserk rage.
The scorpion barely misses you.
It was a potion of mutation.
You feel extremely strange.
Large bone plates grow over parts of your arms.
You feel resistant to poisons.
Your thoughts seem clearer.
The scorpion barely misses you.
As you read the scroll labelled SUMEUNA MEEVI, it crumbles to dust.
A wave of despondency washes over your surroundings.
It was a scroll of vulnerability.
The scorpion barely misses you.
As you read the scroll labelled NEGHETR LUDD, it crumbles to dust.
The creatures around you are filled with an inner flame!
It was a scroll of immolation.
The scorpion barely misses you. The scorpion misses you.
As you read the scroll labelled MEOZXI LOJA, it crumbles to dust.
You feel strangely unstable.
It was a scroll of teleportation.
The scorpion stings you.
You die...

#..#...#...# ...........#
#.....##..###.........###
#.........#####......#
##.#>......|.........###
#......................## ##
...#....................#..#
..##.......##.......#.......
#.......#...................
......####.##..s@...........
...##. ###......$..)....#
... #. #...................
#.#†...............#
........##..<.........####
.##....###..............
#.#.. #..###.#......... #
#....... .###.........
[##[...#.. ........##


You could see a scorpion (inner flame, weak-willed).

Vanquished Creatures
  A jelly (D:4)
  4 adders
  A dart slug (D:1)
  3 ribbon worms
  2 orcs
  7 endoplasms
  2 giant cockroaches
  8 goblins
  8 hobgoblins
  10 jackals
  7 kobolds
  2 quokkas
  3 ball pythons
  2 bats
  3 frilled lizards
  3 rats
66 creatures vanquished.

Notes
Turn   | Place    | Note
-------+----------+-------------------------------------------
     0 | D:1      | Foxy the Coglin Berserker began the quest for the Orb.
     0 | D:1      | Reached XP level 1. HP: 18/18 MP: 1/1
   237 | D:1      | Reached XP level 2. HP: 7/24 MP: 2/2
   674 | D:1      | Reached XP level 3. HP: 26/29 MP: 3/3
  1027 | D:2      | Found a faded altar of an unknown god.
  1078 | D:2      | Reached ** piety under Trog
  1288 | D:2      | Reached XP level 4. HP: 23/35 MP: 4/4
  1289 | D:2      | Reached skill level 4 in Axes
  1903 | D:3      | Found an ancient bone altar of Kikubaaqudgha.
  2181 | D:4      | Noticed a scorpion
  2320 | D:4      | Reached XP level 5. HP: 36/42 MP: 5/5
  2338 | D:4      | Reached *** piety under Trog
  2370 | D:4      | Gained mutation: You are partially covered in large bone
                  | plates. (SH +4) [potion of mutation]
  2370 | D:4      | Gained mutation: Your system is resistant to poisons.
                  | (rPois) [potion of mutation]
  2370 | D:4      | Gained mutation: You possess an exceptional clarity of
                  | mind. [potion of mutation]
  2373 | D:4      | Slain by a scorpion

Illustrated notes

Levels and vault maps discovered:
D:1:      lightli_iron_boxes, layout_basic
D:2:      layout_loops_ring, hellmonk_ecumenical_altar_crossroads
D:3:      layout_rooms, kiku_gazebo_garden_becter
D:4:      layout_cave_pools, nicolae_ru_path_of_blood, nicolae_half_adder

Skill      XL: |  1  2  3  4 |
---------------+-------------+-----
Dodging        | 2 |  2.8
Axes           | 4 |  4.6
Fighting       | |  3.9
Armour         | |  1.7

Action                     |  1- 3 |  4- 6 || total
---------------------------+-------+-------++-------
  Melee: Hand axe          |    67 |    67 ||   134
         Dagger            |    13 |       ||    13
         Club              |    54 |    68 ||   122
 Invoke: Berserk           |       |     1 ||     1
    Use: Scroll            |       |     3 ||     3
         Potion            |       |     3 ||     3
   Stab: Sleeping          |     3 |     1 ||     4
 Armour: Animal skin       |    43 |    49 ||    92
  Dodge: Dodged            |    42 |    43 ||    85

Table legend: (Time is in decaauts)
 A = Elapsed time spent in this place.
 B = Non-inter-level travel time spent in this place.
 C = Inter-level travel time spent in this place.
 D = Time resting spent in this place.
 E = Time spent auto-exploring this place.
 F = Levels seen in this place.
 G = Mean time per level.
                   A        B        C        D        E       F      G
               +--------+--------+--------+--------+--------+-----+--------+
         Total |   2407 |   2339 |     68 |    180 |   1677 |   4 |  601.8 |
       Dungeon |   2407 |   2339 |     68 |    180 |   1677 |   4 |  601.8 |
               +--------+--------+--------+--------+--------+-----+--------+

Top non-repeatable levels by time:
     D:1: 942 daAuts
     D:2: 743 daAuts
     D:3: 525 daAuts
     D:4: 195 daAuts
